 Dungeon Crawl Stone Soup version 0.20.0-15-g7f486f2 (webtiles) character file.

88 KleinerIrrer the Poker (level 4, 0/39 HPs)
             Began as a Naga Gladiator on June 24, 2017.
             Slain by an orc
             ... wielding a cursed +0 dagger
              (6 damage)
             ... on level 3 of the Dungeon.
             The game lasted 00:07:28 (2148 turns).

KleinerIrrer the Poker (Naga Gladiator)             Turns: 2148, Time: 00:07:28

Health: 0/39       AC: 12    Str: 16    XL:     4   Next: 54%
Magic:  4/4        EV: 11    Int:  8    God:
Gold:   120        SH:  0    Dex: 17    Spells: 3/3 levels left

rFire    . . .     SeeInvis +   e - +2 trident (protect)
rCold    . . .     Gourm    .   (no shield)
rNeg     . . .     Faith    .   b - +0 leather armour
rPois    +         Spirit   .   c - +1 helmet
rElec    .         Reflect  .   (no cloak)
rCorr    .         Harm     .   (no gloves)
MR       .....                  (no barding)
Stlth    ++........             (no amulet)
Regen    0.2/turn               r - +3 ring of dexterity
MPRegen  0.1/turn               (no ring)

@: protection aura, very slow
A: see invisible, deformed body, poison resistance, slowness 2, slow metabolism
1, spit poison 1, AC +1
a: Spit Poison


You were on level 3 of the Dungeon.
You were not hungry.

You visited 1 branch of the dungeon, and saw 3 of its levels.

You collected 120 gold pieces.

Inventory:

Hand Weapons
 a - a +0 trident
 e - a +2 trident of protection (weapon)
 i - a +0 dagger of pain
Missiles
 d - 3 throwing nets (quivered)
Armour
 b - a +0 leather armour (worn)
 c - a +1 helmet (worn)
Jewellery
 r - a +3 ring of dexterity (left hand)
Potions
 j - 2 potions of lignification
 o - a potion of flight {unknown}
 t - a potion of brilliance
 v - a potion of invisibility {unknown}
Books
 s - a book of Minor Magic

   Spells                             Type                      Level
   a - Magic Dart                     Conjuration                  1
   b - Blink                          Translocation                2
   c - Call Imp                       Summoning                    2
   d - Slow                           Hexes                        2
   e - Conjure Flame                  Conjuration/Fire             3
   f - Mephitic Cloud                 Conjuration/Poison/Air       3
 w - a book of Misfortune

   Spells                             Type                      Level
   a - Confusing Touch                Hexes                        1
   b - Confuse                        Hexes                        3
   c - Gell's Gravitas                Translocation                3
   d - Petrify                        Transmutation/Earth          4
   e - Metabolic Englaciation         Hexes/Ice                    5
   f - Yara's Violent Unravelling     Hexes/Transmutation          5
Comestibles
 f - 4 bread rations
 g - 8 fruits
 h - a chunk of flesh
 m - 2 royal jellies


   Skills:
 + Level 2.2 Fighting
 + Level 3.9 Polearms
 - Level 1.7 Throwing
 + Level 1.2 Armour
 + Level 2.9 Dodging
 * Level 2.1 Stealth


You had 3 spell levels left.
You didn't know any spells.

Dungeon Overview and Level Annotations

Branches:
Dungeon (3/15)

Altars:


Innate Abilities, Weirdness & Mutations

You cannot wear boots.
Your serpentine skin is tough. (AC +1)
You have supernaturally acute eyesight. (SInv)
Armour fits poorly on your strangely shaped body.
Your system is resistant to poisons. (rPois)
You cover ground very slowly.
You have a slow metabolism.
You can spit poison.


Message History

The orc misses you.
The orc priest miscasts a cantrip.
The orc priest looks braver for a moment.
The orc closely misses you.
The orc wizard mumbles some strange words.
The orc wizard blinks!
The orc priest begins to cast a cantrip, but forgets the words!
You hit the orc.
Your weapon exudes an aura of protection.
The orc is moderately wounded.
The orc wizard gestures at you while chanting.
The magic dart hits you!
* * * LOW HITPOINT WARNING * * *
You hit the orc.
The orc is heavily wounded.
The orc hits you but does no damage. The orc barely misses you.
You closely miss the orc.
The orc is heavily wounded.
The orc barely misses you. The orc hits you with a dagger.
You die...

... #.# #..
#.# ..# . #)#
.. .#
####รท####..
..
#.......#.##.#
#.......#.o.
#.....oo#.##.#
#......o@...#
#......o#.##.#
#.......#.#
#.......#.#
#########.# ..
.# ..


You could see an orc priest, an orc wizard and 3 orcs.

Vanquished Creatures
  3 adders
  An ooze (D:3)
  3 dart slugs
  A leopard gecko (D:2)
  3 orcs (D:3)
  2 giant cockroaches (D:1)
  5 goblins
  9 hobgoblins
  6 kobolds
  7 bats
  4 frilled lizards (D:2)
  2 rats (D:1)
46 creatures vanquished.

Notes
Turn   | Place    | Note
-------+----------+-------------------------------------------
     0 | D:1      | KleinerIrrer the Naga Gladiator began the quest for the Orb.
     0 | D:1      | Reached XP level 1. HP: 19/19 MP: 1/1
   356 | D:1      | Reached XP level 2. HP: 24/26 MP: 2/2
   928 | D:2      | Reached XP level 3. HP: 15/32 MP: 3/3
  1120 | D:2      | Reached skill level 1 in Stealth
  1242 | D:2      | Reached skill level 1 in Armour
  1943 | D:2      | Reached XP level 4. HP: 38/39 MP: 4/4
  2148 | D:3      | Slain by an orc

Skill      XL: |  1  2  3  4 |
---------------+-------------+-----
Stealth        | 1 2 |  2.1
Armour         | 1 |  1.2
Fighting       | |  2.2
Polearms       | |  3.9
Throwing       | |  1.7
Dodging        | |  2.9

Action                   |  1- 3 |  4- 6 || total
-------------------------+-------+-------++-------
Melee: Trident           |   127 |    38 ||   165
  Use: Scroll            |       |    10 ||    10
       Potion            |       |     2 ||     2
 Stab: Sleeping          |     6 |     1 ||     7
  Eat: Chunk             |     2 |     1 ||     3
Armor: Leather armour    |    36 |    14 ||    50
Dodge: Dodged            |    49 |    25 ||    74
